 Dungeon Crawl Stone Soup version 0.31-a0-167-g1c394c0614 (webtiles) character file.

Game seed: 17958134280956353674

28 qw the Shield-Bearer (level 3, -3/23 HPs)
             Began as a Gargoyle Fighter on June 14, 2023.
             Slain by a hobgoblin (5 damage)
             ... led by Robin
             ... on level 2 of the Dungeon.
             The game lasted 00:00:27 (754 turns).

qw the Shield-Bearer (Gargoyle Fighter)              Turns: 754, Time: 00:00:27

Health: -3/23      AC: 10    Str: 21    XL:     3   Next: 14%
Magic:  3/3        EV:  9    Int:  8    God:
Gold:   54         SH:  4    Dex:  9    Spells: 2/2 levels left

rFire   . . .        Y - +0 war axe
rCold   . . .        c - +0 buckler
rNeg    + . .        b - +0 scale mail
rPois   inf          (no helmet)
rElec   +            (no cloak)
rCorr   +            (no gloves)
SInv    .            (no boots)
Will    .....        (no amulet) Stlth
                     h - ring of resist corrosion
HPRegen 0.23/turn    (no ring)
MPRegen 0.08/turn

%: no passive effects
@: no status effects
A: sickness immunity, AC +3, negative energy resistance 1, electricity
resistance, torment resistance 1, petrification resistance
a: no special abilities


You were on level 2 of the Dungeon.
You visited 1 branch of the dungeon, and saw 2 of its levels.

You collected 54 gold pieces.


Innate Abilities, Weirdness & Mutations

You are immune to sickness and miasma.
Your stone body is resilient. (AC +3)
You are immune to poison.
You resist negative energy. (rN+)
You are resistant to electric shocks. (rElec)
You are resistant to unholy torment.
You are immune to petrification.


   Skills:
 - Level 3.2 Fighting
 + Level 3.2 Axes
 - Level 3.2 Armour
 - Level 3.2 Shields


You had 2 spell levels left.
You didn't know any spells.
Your spell library was empty.

Inventory:

Hand Weapons
 Y - a +0 war axe (weapon)
Armour
 b - a +0 scale mail (worn)
 c - a +0 buckler (worn)
Jewellery
 h - a ring of resist corrosion (left hand)
Scrolls
 a - a scroll of identify
Potions
 d - a potion of might
 f - a potion of heal wounds {unknown}
 j - a potion of curing

Dungeon Overview and Level Annotations

Branches:
Dungeon (2/15)

Altars:

Annotations:
D:2 Robin


Message History

The goblin goes into a battle-frenzy!
The goblin barely misses you. You block the goblin's attack.
Robin hits you but does no damage.
The hobgoblin shouts!
You hit Robin.
Robin is heavily wounded.
You hit the goblin. You barely miss the hobgoblin. The hobgoblin hits you.
Robin roars a battlecry!
The hobgoblins go into a battle-frenzy!
The goblin closely misses you.
You hit Robin.
Robin is almost dead.
You slash the goblin!
You kill the goblin!
You barely miss the hobgoblin. You block the hobgoblin's attack.
Robin says, "My army is invincible!"
Robin drinks a potion.
Robin is healed!
You hit Robin.
Robin is moderately wounded.
You barely miss the hobgoblin. x3
Robin hits you but does no damage. You block the hobgoblin's attack.
The hobgoblin hits you.
A hobgoblin comes into view.
The hobgoblin closely misses you. Robin hits you with a +0 spear.
The hobgoblin hits you. The hobgoblin barely misses you.
You closely miss Robin.
Robin is moderately wounded.
You hit the hobgoblin. You closely miss the hobgoblin. x2
You hit the hobgoblin.
The hobgoblin hits you but does no damage.
The hobgoblin hits you. You block the hobgoblin's attack.
You block Robin's attack. The hobgoblin misses you.
You slash the hobgoblin!
You kill the hobgoblin!
You hit the hobgoblin. You closely miss the hobgoblin. You barely miss Robin.
You hit the hobgoblin but do no damage. Robin hits you but does no damage.
The hobgoblin hits you.
You die... ...........# .. ............# ...##.##.........# g # .....##.........### gg..

.....#............
#.g..##...##........#.##
.g.. ...!...............
#..g #gg.####.##.......
##.#..#@%.####..........
......gg................
##.#..gg..#######.....##
........#.......#.....#
.....##..######.#.#####
..... #.. ......# ....
#.#. #<#.#.# #### #.#.
.... .#.#.#
#.#.......###.#.#


You could see Robin, 4 hobgoblins and a goblin (strong).

Vanquished Creatures
  2 bats (D:1)
  A giant cockroach (D:1)
  7 goblins
  2 hobgoblins (D:2)
  7 jackals (D:1)
  A ball python (D:1)
  2 frilled lizards
  2 kobolds
  A rat (D:1)
25 creatures vanquished.

Notes
Turn   | Place    | Note
-------+----------+-------------------------------------------
     0 | D:1      | qw the Gargoyle Fighter began the quest for the Orb.
     0 | D:1      | Reached XP level 1. HP: 14/14 MP: 1/1
     0 | D:1      | 0 ||| qw: Version: 0.2-a-29-g1fa15c8
     0 | D:1      | 0 ||| qw: Game counter: 5122
     0 | D:1      | 0 ||| qw: Always use a shield: true
     0 | D:1      | 0 ||| qw: God list: Okawaru
     0 | D:1      | 0 ||| qw: Allow faded altars: false
     0 | D:1      | 0 ||| qw: Do Orc after D:15 true
     0 | D:1      | 0 ||| qw: Do second Lair branch before Depths: true
     0 | D:1      | 0 ||| qw: Lair rune preference: random
     0 | D:1      | 0 ||| qw: Plans: Normal, Zot:1-4, Slime:5, God:TSO, Crypt,
                  | Tomb, Abyss, Pan, Hells, Win
     0 | D:1      | 0 ||| PLANNING D:1-11
    63 | D:1      | 63 ||| Stepping ~*~*~tactically~*~*~ (stealth).
    77 | D:1      | Reached XP level 2. HP: 14/19 MP: 2/2
   450 | D:1      | Found a faded altar of an unknown god.
   480 | D:1      | 480 ||| UPGRADING to ring of resist corrosion.
   481 | D:1      | 481 ||| READING scroll labelled IRPHAPPU LER QOUNA.
   482 | D:1      | 482 ||| READING scroll labelled YTOIDW DAFA.
   485 | D:1      | 485 ||| READING scroll labelled QOANWE FOGEN.
   486 | D:1      | 486 ||| READING scroll labelled NUPLEALEST.
   487 | D:1      | 487 ||| READING scroll labelled CYSECO MAESILA.
   635 | D:2      | Reached skill level 3 in Axes
   735 | D:2      | 735 ||| Stepping ~*~*~tactically~*~*~ (stealth).
   743 | D:2      | Noticed Robin
   744 | D:2      | Reached XP level 3. HP: 23/23 MP: 3/3
   746 | D:2      | 746 ||| Stepping ~*~*~tactically~*~*~ (stealth).
   753 | D:2      | HP: 2/23 [hobgoblin[Robin] (5)]
   754 | D:2      | Slain by a hobgoblin

Levels and vault maps discovered:
D:1:      co_arrival_random_square_maze, layout_rooms,
          hellmonk_ecumenical_altar_leap_of_faith
D:2:      layout_basic, uniq_robin

Skill      XL: |  1  2 |
---------------+-------+-----
Axes           | 2 3 |  3.2
Fighting       | |  3.2
Armour         | |  3.2
Shields        | |  3.2

Action                     || total
---------------------------++-------
  Melee: War axe           ||    81
    Use: Scroll            ||     5
 Armour: Scale mail        ||    51
  Dodge: Dodged            ||    51
  Block: Buckler           ||    13

Table legend:
 A = Non-vault XP
 B = Vault XP
 C = Vault XP percentage of total XP
 D = Non-vault monster count
 E = Vault monster count
 F = Vault count percentage of total count
                 A         B        C        D         E       F
            +---------+---------+-------+---------+---------+-------
      Total |      31 |      12 |  27.9 |      19 |       6 |  24.0
            +---------+---------+-------+---------+---------+-------
        D:1 |      25 |       0 |   0.0 |      15 |       0 |   0.0
        D:2 |       6 |      12 |  66.7 |       4 |       6 |  60.0
            +---------+---------+-------+---------+---------+-------
